 Dungeon Crawl Stone Soup version 0.22-a0-274-gf8199ec (webtiles) character file.

195715 Amnesiac the Eclecticist (level 18, -4/144 HPs)
             Began as a Mummy Wizard on Mar 14, 2018.
             Was a High Priest of Sif Muna.
             Splashed by a caustic shrike's acid (7 damage)
             ... on level 5 of the Depths.
             The game lasted 01:08:25 (40951 turns).

Amnesiac the Eclecticist (Mummy Wizard)            Turns: 40951, Time: 01:08:26

Health: -4/144     AC: 12    Str: 13    XL:     18   Next: 13%
Magic:  14/46      EV: 20    Int: 29    God:    Sif Muna [*****.]
Gold:   2387       SH:  7    Dex: 14    Spells: 18/47 levels left

rFire    + . .     SeeInvis .   b - +1 fustibalus of an ossuary {freeze, MR++ Dex+4}
rCold    . . .     Gourm    .   l - +2 buckler
rNeg     + + +     Faith    +   M - +3 leather armour {rF+}
rPois    ∞         Spirit   .   K - +2 helmet {Int+3}
rElec    .         Reflect  .   r - +2 cloak
rCorr    .         Harm     .   A - +2 pair of gloves {Str+3}
MR       ++++.                  f - +0 pair of boots
Stlth    ++........             g - amulet of faith
HPRegen  0.34/turn              B - ring of magical power
MPRegen  0.30/turn              p - ring of fire

@: corroded, studying Earth Magic, divine energy
A: no food or potions, fire vulnerability, cold resistance 1, negative energy
resistance 3, torment resistance, unbreathing, in touch with death 1
a: Stop Divine Energy, Channel Magic, Forget Spell, Renounce Religion


You were on level 5 of the Depths.
You worshipped Sif Muna.
Sif Muna was extremely pleased with you.
You were not hungry.

You visited 4 branches of the dungeon, and saw 23 of its levels.
You also visited: Volcano.

You collected 2387 gold pieces.

Inventory:

Hand Weapons
 b - the +1 fustibalus of an ossuary (weapon) {freeze, MR++ Dex+4}
   (You found it on level 1 of the Depths)

   It causes projectiles fired from it to freeze those they strike, causing
   extra injury to most foes and up to half again as much damage against
   particularly susceptible opponents.
   They can also slow down cold-blooded creatures.
   It affects your dexterity (+4).
   It affects your resistance to hostile enchantments.
 n - a +4 quick blade
 q - a +0 blowgun
 t - the +8 short sword of the Dwarven Hall {drain, *Drain +Rage rPois MR+, unknown}
   (You found it on level 4 of the Depths)

   A truly terrible weapon, it drains the life of those it strikes.
   It protects you from poison.
   It affects your resistance to hostile enchantments.
   It lets you go berserk.
   It causes draining when unequipped.
Missiles
 D - a throwing net (quivered)
 J - 8 curare-tipped needles
Armour
 f - a +0 pair of boots (worn)
 l - a +2 buckler (worn)
 r - a +2 cloak (worn)
 A - a +2 pair of gloves of strength (worn)
 K - a +2 helmet of intelligence (worn)
 M - a +3 leather armour of fire resistance (worn)
Jewellery
 a - an uncursed ring of flight
 d - an uncursed ring of wizardry
 g - an amulet of faith (around neck)
 h - an uncursed ring of ice
 m - an uncursed ring of protection from magic
 p - a ring of fire (right hand)
 v - an uncursed ring of see invisible
 B - a ring of magical power (left hand)
Wands
 x - a wand of iceblast (12)
 y - a wand of acid (28)
Scrolls
 c - 4 scrolls of blinking {!r}
 i - 2 scrolls of fog {!r}
 j - 3 scrolls of silence {!r}
 s - a scroll of vulnerability {!r}
 u - a scroll of enchant armour {!r}
 w - 3 scrolls of enchant weapon {!r}
 C - 7 scrolls of remove curse {!r}
 F - 5 scrolls of identify {!r}
 H - a scroll of amnesia {!r}
Books
 O - a manual of Earth Magic
 P - a manual of Earth Magic


   Skills:
 + Level 13.4 Fighting
 + Level 12.9 Dodging
 - Level 1.5 Stealth
 - Level 4.1 Shields
 - Level 15.0 Spellcasting
 - Level 15.0 Conjurations
 - Level 0.7 Summonings
 - Level 0.7 Translocations
 - Level 10.0 Fire Magic
 - Level 8.5 Invocations


You had 18 spell levels left.
You knew the following spells:

 Your Spells              Type           Power        Failure   Level  Hunger
a - Bolt of Fire          Conj/Fire      #######...   2%          6    N/A
b - Call Imp              Summ           ####....     3%          2    N/A
c - Passwall              Tmut/Erth      ###.......   4%          2    N/A
d - Orb of Destruction    Conj           #######...   4%          7    N/A
e - Mephitic Cloud        Conj/Pois/Air  ######..     1%          3    N/A
f - Magic Dart            Conj           ####         0%          1    N/A
s - Conjure Flame         Conj/Fire      #######.     1%          3    N/A
v - Blink                 Tloc           N/A          3%          2    N/A
z - Ozocubu's Armour      Chrm/Ice       ###.....     9%          3    N/A

Dungeon Overview and Level Annotations

Branches:
Dungeon (15/15)            Temple (1/1) D:4            Lair (0/6) D:11
    Orc (2/2) D:9             Elf (0/3) Orc:2        Vaults (0/5) D:13
 Depths (5/5) D:15
    Zot: Depths:5

Altars:
Ashenzari
Cheibriados
Dithmenos
Elyvilon
Fedhas
Gozag
Hepliaklqana
Kikubaaqudgha
Makhleb
Nemelex Xobeh
Okawaru
Qazlal
Ru
Sif Muna
Trog
Uskayaw
Vehumet
Wu Jian
Xom
Yredelemnul
Zin
The Shining One
Lugonu

Shops:
D:15 *   Orc:2 (:[%   Depths:1 [=

Portals:
Hell: Depths:1 Depths:2 Depths:3 Depths:4
Abyss: Depths:2 Depths:4
Pandemonium: Depths:1 Depths:3
Ziggurat: Depths:4
Trove: D:14 (give horn of Geryon)


Innate Abilities, Weirdness & Mutations

You do not eat or drink.
Your flesh is vulnerable to fire.
You are immune to poison.
Your flesh is cold resistant. (rC+)
You are immune to negative energy. (rN+++)
You are immune to unholy pain and torment.
You can survive without breathing.
You are in touch with the powers of death.


Message History

The bolt of fire misses the caustic shrike.
The bolt of fire hits the caustic shrike.
The caustic shrike resists.
The caustic shrike is moderately wounded.
The bolt of fire hits the caustic shrike.
The caustic shrike resists.
The caustic shrike is moderately wounded.
The caustic shrike is engulfed in blazing flames.
The caustic shrike misses you.
The caustic shrike is engulfed in blazing flames.
The caustic shrike claws you!!
You are splashed with acid!
The acid burns!
Casting: Bolt of Fire (safe; 2% risk of failure)
Confirm with . or Enter, or press ? or * to list all spells.
Aiming: Bolt of Fire (safe; 2% risk of failure)
Press: ? - help, Shift-Dir - straight line, f/p - caustic shrike
Aim: a caustic shrike (moderately wounded)
You feel a surge of power!
The bolt of fire hits the caustic shrike.
The caustic shrike resists.
The caustic shrike is moderately wounded.
The bolt of fire misses the caustic shrike.
The bolt of fire hits the caustic shrike.
The caustic shrike resists.
The caustic shrike is moderately wounded.
The caustic shrike is engulfed in blazing flames.
The caustic shrike completely misses you.
The caustic shrike is engulfed in blazing flames.
The caustic shrike claws you but does no damage.
Casting: Bolt of Fire (safe; 2% risk of failure)
Confirm with . or Enter, or press ? or * to list all spells.
Aiming: Bolt of Fire (safe; 2% risk of failure)
Press: ? - help, Shift-Dir - straight line, f/p - caustic shrike
Aim: a caustic shrike (moderately wounded)
You feel a surge of power!
The bolt of fire hits the caustic shrike.
The caustic shrike resists.
The caustic shrike is severely wounded.
The bolt of fire hits the caustic shrike.
The caustic shrike resists.
The caustic shrike is heavily wounded.
The bolt of fire hits the caustic shrike.
The caustic shrike resists.
The caustic shrike is heavily wounded.
The caustic shrike is engulfed in blazing flames.
The caustic shrike claws you.
You are splashed with acid!
The acid burns!
* * * LOW HITPOINT WARNING * * *
The caustic shrike is engulfed in blazing flames.
The caustic shrike claws you!!
* * * LOW HITPOINT WARNING * * *
The acid corrodes you!
You are splashed with acid!
The acid burns!
* * * LOW HITPOINT WARNING * * *
Unknown command.
Casting: Bolt of Fire (safe; 2% risk of failure)
Confirm with . or Enter, or press ? or * to list all spells.
Aiming: Bolt of Fire (safe; 2% risk of failure)
Press: ? - help, Shift-Dir - straight line, f/p - caustic shrike
Aim: a caustic shrike (heavily wounded)
You feel a surge of power!
The bolt of fire misses the caustic shrike. x3
The caustic shrike is engulfed in blazing flames.
The caustic shrike claws you!!
* * * LOW HITPOINT WARNING * * *
You are splashed with acid!
The acid burns!
You die...

#....#.#
...#.####.#.#
.........#.#
#.#.# ........
#.# #.#)# #.....
#.# #.#)# .
#.#.# #.# #.#)#
... #...####.#
#.#)#
#....###.....#.#
#(#(##
....bbb@.......#
#.#.(.
#....###.#...#.#
#.#### ###
#...###.# #.....
##..#
#.######### #..#
#.......... #..#
#.######### ##.#
#.# #.. #.#
#...#.#


You could see 3 caustic shrikes.

Vanquished Creatures
  Mara (Depths:3)
  Sojobo (Depths:1)
  Saint Roka (Depths:1)
  A caustic shrike (Depths:3)
  A golden dragon (Depths:3)
  A tentacled monstrosity (Depths:4)
  A quicksilver dragon (Depths:4)
  A lich (Depths:4)
  3 tengu reavers (Depths:1)
  5 frost giants
  An azure jelly (shapeshifter) (Depths:3)
  2 fire giants
  An iron dragon (Depths:2)
  A balrug (Depths:4)
  A caustic shrike zombie (D:15)
  Louise (Depths:4)
  A juggernaut zombie (Depths:1)
  6 very ugly things (Depths:3)
  2 spriggan defenders (Depths:3)
  A stone giant (Depths:2)
  A vampire knight (Depths:4)
  7 spark wasps
  A merfolk javelineer (Depths:1)
  A deep elf death mage (Depths:3)
  3 ettins
  A merfolk impaler (Depths:2)
  2 great orbs of eyes (Depths:4)
  8 fire dragons
  A deep elf high priest (Depths:3)
  4 yaktaur captains
  8 ice dragons
  3 jiangshi (Depths:3)
  3 rakshasas
  2 hydras
  4 spriggan air magi
  9 centaur warriors
  6 ogre magi
  27 two-headed ogres
  A death knight (D:12)
  A tengu warrior (Depths:1)
  6 deep troll earth magi
  8 deep troll shamans
  4 vampire magi
  2 spriggans (Depths:3)
  A spriggan berserker (Depths:3)
  7 hell knights
  4 iron trolls
  3 skeletal warriors
  2 sun demons (Depths:4)
  27 deep trolls
  2 unseen horrors
  A phantasmal warrior (D:15)
  A glowing orange brain (Depths:3)
  A lindwurm (D:13)
  2 orc knights (Orc:1)
  A sphinx zombie (D:15)
  4 ugly things (Depths:1)
  3 necromancers
  A stone giant zombie (D:15)
  4 deep elf magi
  3 orc sorcerers
  The ghost of Nico3ck the Cleaver, a novice DsBe of Trog (D:4)
  6 cyclopes
  A stone giant skeleton (Depths:1)
  An eye of devastation (shapeshifter) (D:13)
  3 gargoyles
  The ghost of tidbits the Insei, a novice GnTm (D:5)
  A freezing wraith (D:13)
  An efreet (Volcano)
  A komodo dragon (D:15)
  32 yaktaurs
  A guardian mummy (D:15)
  A tengu conjurer (Depths:2)
  6 hornets
  13 trolls
  A polar bear (shapeshifter) (D:13)
  Prince Ribbit (D:7)
  A spriggan zombie (Depths:1)
  Grinder (D:6)
  A hippogriff (shapeshifter) (D:14)
  A dream sheep (shapeshifter) (Depths:4)
  6 hippogriffs
  26 slime creatures
  An ice dragon skeleton (Depths:1)
  Sigmund (D:3)
  A centaur simulacrum (D:14)
  A fire dragon skeleton (Depths:1)
  2 wraiths
  A shadow (D:15)
  2 fire elementals (Volcano)
  3 water elementals (Depths:1)
  A human (shapeshifter) (Depths:3)
  A wyvern (D:12)
  13 yaks
  Eustachio (D:6)
  3 hungry ghosts
  Grum (D:8)
  4 vampire mosquitoes (D:14)
  3 wargs
  2 soldier ants (D:12)
  Duvessa (D:7)
  4 acid dragons
  A floating eye (Depths:3)
  A soldier ant (shapeshifter) (Depths:3)
  A floating eye (shapeshifter) (Depths:1)
  A human skeleton (D:15)
  13 orc warriors
  2 black bears
  4 ice beasts
  3 sky beasts
  A necrophage (D:6)
  38 ogres
  3 phantoms
  2 eyes of draining
  6 wolves
  4 boggarts (Depths:3)
  35 centaurs
  3 crocodiles
  11 bullfrogs
  2 big kobolds
  2 gnoll sergeants
  Dowan (D:7)
  5 scorpions
  A water moccasin skeleton (D:9)
  6 killer bees (D:10)
  10 wights
  2 vampire bats (D:4)
  5 howler monkeys
  2 bullfrog zombies
  3 electric eels (D:11)
  5 crimson imps
  3 quasits
  7 centaur zombies
  6 jellies
  9 orc priests
  11 hounds
  4 centaur skeletons
  Jessica (D:3)
  A bullfrog skeleton (D:7)
  Ijyb (D:3)
  Terence (D:2)
  4 iguanas
  19 orc wizards
  14 worker ants
  A hound skeleton (D:6)
  Robin (D:4)
  15 gnolls
  A howler monkey skeleton (D:4)
  8 adders
  6 shadow imps
  An ooze (D:1)
  An adder skeleton (D:7)
  6 worms
  5 dart slugs
  10 leopard geckos
  53 orcs
  2 ball pythons
  10 bats
  7 giant cockroaches
  13 goblins
  5 hobgoblins
  10 jackals
  37 kobolds
  3 quokkas
  3 frilled lizards
  A quokka zombie (D:7)
  8 rats
  A fire vortex (D:14)
  14 plants
  A withered plant (D:15)
843 creatures vanquished.

Vanquished Creatures (collateral kills)
  An ice beast (D:4)
1 creature vanquished.

Vanquished Creatures (others)
  A freezing wraith (D:11)
  A sky beast (D:7)
  38 plants
  2 withered plants (D:15)
42 creatures vanquished.

Grand Total: 886 creatures vanquished

Notes
Turn   | Place    | Note
-------+----------+-------------------------------------------
     0 | D:1      | Amnesiac the Mummy Wizard began the quest for the Orb.
     0 | D:1      | Reached XP level 1. HP: 13/13 MP: 5/5
    19 | D:1      | Reached skill level 1 in Conjurations
   234 | D:1      | Reached XP level 2. HP: 13/19 MP: 1/7
   894 | D:1      | Reached XP level 3. HP: 24/24 MP: 8/8
   898 | D:1      | Learned a level 2 spell: Blink
   901 | D:1      | Learned a level 2 spell: Call Imp
   905 | D:1      | Learned a level 3 spell: Conjure Flame
  1233 | D:1      | Found a glowing golden altar of the Shining One.
  1514 | D:2      | You fall through a shaft for 2 floors!
  1564 | D:4      | Found the +4 Vampire's Tooth {vamp}
  1566 | D:4      | Reached XP level 4. HP: 26/30 MP: 10/10
  1571 | D:4      | Reached XP level 5. HP: 26/35 MP: 11/11
  1586 | D:4      | Learned a level 3 spell: Mephitic Cloud
  1655 | D:4      | Noticed an ogre
  1666 | D:4      | Killed an ogre
  1666 | D:4      | Reached skill level 1 in Fighting
  1850 | D:4      | Noticed Robin
  1869 | D:4      | Killed Robin
  2031 | D:4      | Reached XP level 6. HP: 34/44 MP: 3/12
  2033 | D:4      | Noticed Nico3ck's ghost (novice DsBe)
  2063 | D:3      | Noticed Ijyb
  2101 | D:3      | Killed Ijyb
  2523 | D:4      | Killed Nico3ck's ghost
  2523 | D:4      | Reached XP level 7. HP: 43/52 MP: 10/13
  2573 | D:4      | Reached skill level 5 in Dodging
  3274 | D:4      | Found a staircase to the Ecumenical Temple.
  3281 | Temple   | Entered the Ecumenical Temple
  3550 | Temple   | Became a worshipper of Sif Muna the Loreminder
  3620 | D:3      | Noticed Jessica
  3626 | D:3      | Killed Jessica
  3934 | D:2      | Noticed Terence
  3951 | D:2      | Killed Terence
  4457 | D:3      | Reached XP level 8. HP: 31/60 MP: 7/14
  4503 | D:3      | Found a sacrificial altar of Ru.
  4616 | D:3      | Noticed Sigmund
  4630 | D:3      | Killed Sigmund
  4630 | D:3      | Reached * piety under Sif Muna
  4630 | D:3      | Reached skill level 5 in Spellcasting
  4630 | D:3      | Reached skill level 5 in Conjurations
  4890 | D:5      | Entered Level 5 of the Dungeon
  5567 | D:5      | Noticed tidbits's ghost (novice GnTm)
  6200 | D:5      | Killed tidbits's ghost
  6200 | D:5      | Reached ** piety under Sif Muna
  6200 | D:5      | Reached XP level 9. HP: 57/65 MP: 13/19
  6767 | D:6      | Noticed Eustachio
  6788 | D:6      | Killed Eustachio
  6879 | D:6      | Identified a scroll of acquirement {!r}
  6888 | D:6      | Learned a level 6 spell: Bolt of Fire
  7088 | D:6      | Noticed Grinder
  7123 | D:6      | Killed Grinder
  7123 | D:6      | Reached skill level 1 in Fire Magic
  7714 | D:6      | Reached *** piety under Sif Muna
  8028 | D:7      | Reached skill level 5 in Fire Magic
  8272 | D:7      | Noticed Dowan
  8273 | D:7      | Noticed Duvessa
  8305 | D:7      | Killed Dowan
  8438 | D:7      | Noticed Prince Ribbit
  8463 | D:7      | Killed Prince Ribbit
  8463 | D:7      | Reached XP level 10. HP: 31/71 MP: 9/21
  8477 | D:7      | Killed Duvessa
  8618 | D:7      | Reached **** piety under Sif Muna
  9205 | D:8      | Noticed Grum
  9245 | D:8      | Killed Grum
 10262 | D:8      | Noticed a two-headed ogre
 10303 | D:8      | Killed a two-headed ogre
 10714 | D:9      | Noticed a two-headed ogre
 10771 | D:8      | Killed a two-headed ogre
 10771 | D:8      | Reached ***** piety under Sif Muna
 10857 | D:8      | Received a gift from Sif Muna
 11083 | D:9      | Noticed a two-headed ogre
 11086 | D:9      | Killed a two-headed ogre
 11086 | D:9      | Reached XP level 11. HP: 77/77 MP: 0/23
 11994 | D:9      | Found a staircase to the Orcish Mines.
 12163 | D:9      | Found a sparkling altar of Nemelex Xobeh.
 12243 | D:10     | Entered Level 10 of the Dungeon
 13611 | D:10     | Learned a level 3 spell: Ozocubu's Armour
 13614 | D:10     | Learned a level 2 spell: Passwall
 14948 | D:11     | Received a gift from Sif Muna
 15028 | D:11     | Learned a level 7 spell: Orb of Destruction
 15363 | D:11     | Found a staircase to the Lair.
 16187 | D:11     | Noticed an eight-headed hydra
 16193 | D:11     | Killed an eight-headed hydra
 16193 | D:11     | Reached skill level 10 in Conjurations
 16391 | D:12     | Reached skill level 10 in Fire Magic
 16391 | D:12     | Reached XP level 12. HP: 83/83 MP: 25/25
 16392 | D:12     | Reached skill level 10 in Spellcasting
 17566 | D:12     | Noticed a death knight
 17591 | D:12     | Killed a death knight
 17591 | D:12     | Identified Sif Muna's Compendium of Captivating Attacks (Sif Muna gifted it to you on level 12 of the Dungeon)
 17591 | D:12     | Received a gift from Sif Muna
 18137 | D:12     | Found a blossoming altar of Fedhas.
 18515 | D:13     | Noticed a centaur warrior
 18518 | D:13     | Killed a centaur warrior
 18660 | D:13     | Noticed a centaur warrior
 18681 | D:13     | Killed a centaur warrior
 18685 | D:13     | Noticed an eight-headed hydra
 19325 | D:13     | Noticed a two-headed ogre
 19328 | D:13     | Killed a two-headed ogre
 19328 | D:13     | Gained mutation: You are in touch with the powers of death. [Mummy growth]
 19328 | D:13     | Reached XP level 13. HP: 88/88 MP: 0/29
 20263 | D:13     | Found a gate to the Vaults.
 20286 | D:13     | Identified Ydivoygh's Guide on Arcane Weapons (Sif Muna gifted it to you on level 13 of the Dungeon)
 20286 | D:13     | Received a gift from Sif Muna
 21084 | D:14     | Found a portal to a secret trove of treasure.
 22103 | D:15     | Entered Level 15 of the Dungeon
 22278 | D:15     | Found Ucoro's General Store.
 23069 | D:15     | Found a staircase to the Depths.
 23224 | D:15     | Received a gift from Sif Muna
 24336 | D:15     | Reached XP level 14. HP: 95/95 MP: 1/31
 25045 | Orc:1    | Entered Level 1 of the Orcish Mines
 26078 | Orc:2    | Entered Level 2 of the Orcish Mines
 26088 | Orc:2    | Found a staircase to the Elven Halls.
 26227 | Orc:2    | Found a dark tunnel.
 26232 | Volcano  | Entered a volcano
 26597 | Orc:2    | Identified Sif Muna's Catalogue of Ashen Sinister Rites (Sif Muna gifted it to you on level 2 of the Orcish Mines)
 26597 | Orc:2    | Received a gift from Sif Muna
 27161 | Orc:2    | Reached ****** piety under Sif Muna
 27213 | Orc:2    | Reached skill level 15 in Spellcasting
 27213 | Orc:2    | Reached skill level 15 in Conjurations
 27214 | Orc:2    | Reached skill level 1 in Invocations
 27541 | Orc:2    | Found Egrua's Armour Shoppe.
 27541 | Orc:2    | Found Ihextusaty's Food Boutique.
 27541 | Orc:2    | Found Dike Zodgh's Book Shop.
 27541 | Orc:2    | Found Keusei's General Store.
 27652 | Orc:2    | Found Fefoipliut's Antique Weapon Shoppe.
 28398 | Depths:1 | Entered Level 1 of the Depths
 28594 | D:15     | Reached skill level 5 in Invocations
 29105 | Depths:1 | Reached XP level 15. HP: 100/100 MP: 30/34
 29281 | Depths:1 | Noticed a tengu reaver
 29281 | Depths:1 | Noticed Sojobo
 29282 | Depths:1 | Noticed a tengu reaver
 29302 | Depths:1 | Killed Sojobo
 29305 | Depths:1 | Killed a tengu reaver
 29321 | Depths:1 | Killed a tengu reaver
 29504 | Depths:1 | Got a slimy fustibalus
 29765 | Depths:1 | Noticed a tengu reaver
 29769 | Depths:1 | Killed a tengu reaver
 30003 | Depths:1 | Found a one-way gate leading to the halls of Pandemonium.
 30030 | Depths:1 | Reached skill level 5 in Fighting
 30207 | Depths:1 | Found Xiadang's Jewellery Boutique.
 30207 | Depths:1 | Found Mottarozue's Armour Shop.
 30242 | Depths:1 | Noticed Saint Roka
 30268 | Depths:1 | Killed Saint Roka
 30890 | Depths:1 | Found a gateway to Hell.
 31635 | Depths:2 | Reached XP level 16. HP: 89/115 MP: 5/35
 32092 | Depths:2 | Reached skill level 1 in Shields
 33576 | Depths:2 | Found the +6 shillelagh "Devastator" {shatter}
 33610 | Depths:2 | Identified the cursed +1 fustibalus of an ossuary {freeze, MR++ Dex+4} (You found it on level 1 of the Depths)
 34098 | Depths:2 | Found a corrupted altar of Lugonu.
 34098 | Depths:2 | Found a one-way gate to the infinite horrors of the Abyss.
 34343 | Depths:3 | Reached skill level 10 in Dodging
 35037 | Depths:3 | Reached skill level 10 in Fighting
 35395 | Depths:3 | Noticed Mara
 36043 | Depths:3 | Reached XP level 17. HP: 129/129 MP: 0/36
 36549 | Depths:3 | Received a gift from Sif Muna
 37345 | Depths:3 | Identified Osych's Papyrus of Helpful Transmutation
 37346 | Depths:3 | Got a slimy amethyst amulet
 37346 | Depths:3 | Got a heavily runed scale mail
 37378 | Depths:3 | Noticed Amnesiac's illusion
 37384 | Depths:3 | Killed Mara
 37545 | Depths:4 | Noticed a caustic shrike
 37545 | Depths:4 | Noticed a tentacled monstrosity
 37556 | Depths:3 | Killed a caustic shrike
 38082 | Depths:3 | Identified the amulet of Imeabixt {*Drain rF++ MR- Regen+ Str+8} (You found it on level 3 of the Depths)
 38087 | Depths:3 | Identified the +3 scale mail "Tewagih" {+Inv} (You found it on level 3 of the Depths)
 38670 | Depths:4 | Noticed a lich
 38683 | Depths:4 | Killed a lich
 38721 | Depths:4 | Found a gateway to a ziggurat.
 38727 | Depths:4 | Killed a tentacled monstrosity
 38888 | Depths:4 | Noticed a golden dragon
 39041 | Depths:3 | Killed a golden dragon
 39301 | Depths:4 | Noticed a quicksilver dragon
 39304 | Depths:4 | Killed a quicksilver dragon
 39452 | Depths:4 | Noticed Louise
 39455 | Depths:4 | Killed Louise
 40010 | Depths:4 | Reached XP level 18. HP: 143/143 MP: 37/37
 40370 | Depths:4 | Got a polished short sword
 40803 | Depths:5 | Entered Level 5 of the Depths
 40944 | Depths:5 | Noticed a caustic shrike
 40945 | Depths:5 | Noticed a caustic shrike
 40945 | Depths:5 | Noticed a caustic shrike
 40951 | Depths:5 | HP: 3/144 [caustic shrike (29)]
 40951 | Depths:5 | Splashed by a caustic shrike's acid

Vault maps used:
D:1:      dpeg_arrival_rooms_with_view, tso_altar
D:2:      uniq_terence
D:3:      minmay_misc_feat_roman, nicolae_ru_great_annihilating_truth,
          uniq_ijyb, uniq_jessica, uniq_sigmund, uniq_crazy_yiuf_cottage
D:4:      kennysheep_kobold_camp, minmay_temple_entry_glassed_door,
          first_ration, portal_sewer_entry_a, moated_statue,
          minmay_guarded_unrand_vampires_tooth, uniq_robin
D:5:      palyth_stone_intersect, minmay_holes
D:6:      uniq_eustachio, uniq_grinder
D:7:      uniq_prince_ribbit1, uniq_duvessa
D:8:      uniq_grum
D:9:      kennysheep_mini
D:11:     erik_lair_island
D:12:     hangedman_pestilent_swarm, fedhas_altar_1
D:13:     david_vaults_4
D:14:     nicolae_trove_entry_crystal, nicolae_lava_and_water
D:15:     gammafunk_depths_entry_grave, serial_shops,
          nicolae_shop_window_shopping
Temple:   regret_index_temple_sigil_plot
Orc:2:    st_orc_ogre_mass, serial_shops, nicolae_shop_stone,
          nicolae_volcano_entry_s_turn
Depths:1: kennysheep_nub, pan_entry, pf_vacation_house_of_asmodeus,
          kennysheep_generic_room_14, serial_bayou_shore_a,
          serial_bayou_shore_b, minmay_shoptagon, uniq_sojobo, uniq_saint_roka
Depths:2: minmay_roctagon, hangedman_tar_grid_catacomb, minmay_misc_feat_cross,
          abyss_entry_flame_altar, spider_trap, st_stairs_11, minivault_10,
          serial_bayou_lagoon_a
Depths:3: minmay_the_grid_four_pointed_star, kennysheep_nondescript, hell_entry,
          pan_entry, roderic_serpentine_path, basic_stair_grate_trap, uniq_mara
Depths:4: minmay_connected_triangles_in_corner, enter_ziggurat_c,
          lightli_too_deep, hangedman_decor_points,
          nicolae_abyss_entry_one_way_or_another, nicolae_twisting_strands
Depths:5: grunt_zot_entry_hairpin, pf_coc_iceberg, hangedman_decor_growths
Volcano:  volcano_overflow

Skill      XL: |  1  2  3  4  5  6  7  8  9 10 11 12 13 14 15 16 17 |
---------------+----------------------------------------------------+-----
Conjurations   | 1 2 3 4 6 7 8 10 12 13 15 | 15.0
Fighting       | 1 3 4 7 10 13 | 13.4
Dodging        | 2 4 5 8 10 12 | 12.9
Spellcasting   | 6 7 8 9 12 13 15 | 15.0
Fire Magic     | 5 8 10 | 10.0
Invocations    | 6 8 |  8.5
Shields        | 4 |  4.1
Stealth        | |  1.5
Summonings     | |  0.7
Translocations | |  0.7

Action                   |  1- 3 |  4- 6 |  7- 9 | 10-12 | 13-15 | 16-18 || total
-------------------------+-------+-------+-------+-------+-------+-------++-------
Melee: Unarmed           |    10 |       |       |       |       |       ||    10
       Dagger            |       |   100 |  1107 |   403 |    65 |     5 ||  1680
       Staff             |       |       |       |     3 |       |       ||     3
       Fustibalus        |       |       |       |       |       |     1 ||     1
       Quick blade       |       |       |       |       |       |     5 ||     5
 Fire: Hunting sling     |    59 |     5 |       |       |       |       ||    64
 Cast: Magic Dart        |    33 |       |    41 |    57 |       |       ||   131
       Mephitic Cloud    |       |     7 |    27 |    21 |       |     7 ||    62
       Conjure Flame     |       |     1 |    14 |    10 |       |     1 ||    26
       Call Imp          |       |       |     3 |       |       |       ||     3
       Blink             |       |       |     1 |     1 |     3 |     3 ||     8
       Bolt of Fire      |       |       |       |   225 |   372 |   249 ||   846
       Orb of Destructio |       |       |       |       |    48 |    96 ||   144
       Ozocubu's Armour  |       |       |       |       |     1 |       ||     1
Invok: Divine Energy     |       |       |     1 |       |       |       ||     1
       Channel Magic     |       |       |       |       |     4 |     6 ||    10
  Use: Scroll            |       |       |     7 |     4 |     7 |     5 ||    23
 Stab: Confused          |       |     5 |    14 |     7 |       |       ||    26
       Sleeping          |       |     2 |     3 |     1 |       |       ||     6
       Paralysed         |       |       |     1 |       |       |       ||     1
Armor: Robe              |     7 |    11 |    48 |    67 |       |       ||   133
       Leather armour    |       |       |    40 |    28 |    22 |    34 ||   124
       Troll leather arm |       |       |       |    51 |    63 |       ||   114
Dodge: Dodged            |    25 |    58 |   411 |   426 |   132 |   102 ||  1154
Block: Buckler           |       |       |       |       |       |    42 ||    42

Table legend:
 A = Spawn XP
 B = Non-spawn XP
 C = Spawn XP percentage of total XP
 D = Spawn monster count
 E = Non-spawn monster count
 F = Spawn count percentage of total count
 G = Total turns spent on level
                    A         B        C        D         E        F      G
               +---------+---------+-------+---------+---------+-------+---------
         Total |       0 |  301788 |   0.0 |       0 |     830 |   0.0 | 40951
               +---------+---------+-------+---------+---------+-------+---------
           D:1 |       0 |      58 |   0.0 |       0 |      25 |   0.0 |  1352
           D:2 |       0 |     106 |   0.0 |       0 |      18 |   0.0 |   585
           D:3 |       0 |     462 |   0.0 |       0 |      24 |   0.0 |   768
           D:4 |       0 |    1226 |   0.0 |       0 |      56 |   0.0 |  2370
           D:5 |       0 |    1127 |   0.0 |       0 |      26 |   0.0 |  1400
           D:6 |       0 |    1558 |   0.0 |       0 |      30 |   0.0 |  1142
           D:7 |       0 |    1864 |   0.0 |       0 |      30 |   0.0 |  1154
           D:8 |       0 |    4450 |   0.0 |       0 |      51 |   0.0 |  2549
           D:9 |       0 |    2425 |   0.0 |       0 |      17 |   0.0 |   835
          D:10 |       0 |    4294 |   0.0 |       0 |      34 |   0.0 |  2301
          D:11 |       0 |    4441 |   0.0 |       0 |      27 |   0.0 |  2061
          D:12 |       0 |    8987 |   0.0 |       0 |      51 |   0.0 |  2436
          D:13 |       0 |   10421 |   0.0 |       0 |      35 |   0.0 |  1474
          D:14 |       0 |    9378 |   0.0 |       0 |      29 |   0.0 |  1643
          D:15 |       0 |   21341 |   0.0 |       0 |      54 |   0.0 |  3111
         Orc:1 |       0 |    3990 |   0.0 |       0 |      24 |   0.0 |  1115
         Orc:2 |       0 |   18345 |   0.0 |       0 |      52 |   0.0 |  1828
      Depths:1 |       0 |   56237 |   0.0 |       0 |      80 |   0.0 |  3493
      Depths:2 |       0 |   38122 |   0.0 |       0 |      48 |   0.0 |  2427
      Depths:3 |       0 |   64159 |   0.0 |       0 |      67 |   0.0 |  4058
      Depths:4 |       0 |   45185 |   0.0 |       0 |      43 |   0.0 |  2151
      Depths:5 |       0 |    2444 |   0.0 |       0 |       5 |   0.0 |   148
       Volcano |       0 |    1168 |   0.0 |       0 |       4 |   0.0 |   261
               +---------+---------+-------+---------+---------+-------+---------
